 Dungeon Crawl Stone Soup version 0.28-a0-1444-g6c55d0bc0c (webtiles) character file.

Game seed: 12897794909872138022

450 Deminshera the Chucker (level 7, -8/72 HPs)
             Began as an Ogre Hunter on Jan 10, 2022.
             Mangled by a gnoll (11 damage)
             ... on level 5 of the Dungeon.
             The game lasted 00:04:40 (5538 turns).

Deminshera the Chucker (Ogre Hunter)                Turns: 5538, Time: 00:04:41

Health: -8/72      AC:  3    Str: 19    XL:     7   Next: 4%
Magic:  7/7        EV: 10    Int: 12    God:
Gold:   98         SH:  0    Dex:  9    Spells: 6/6 levels left

rFire   . . .      SeeInvis .   u - +2 whip (elec)
rCold   . . .      Faith    .   i - orb {light}
rNeg    . . .      Spirit   .   b - +0 robe
rPois   .          Reflect  .   (helmet restricted)
rElec   .          Harm     .   s - scarf {+Inv}
rCorr   .          Rampage  .   (gloves unavailable)
Will    .....                   (boots unavailable)
Stlth   +.........              (no amulet)
HPRegen 0.22/turn               m - ring of wizardry
MPRegen 0.10/turn               (no ring)

@: glowing
A: large, unfitting armour, tough skin 1
a: Evoke Invisibility


You were on level 5 of the Dungeon.
You visited 1 branch of the dungeon, and saw 5 of its levels.
You also visited: Ossuary.

You collected 98 gold pieces.

Inventory:

Hand Weapons
 u - a +2 whip of electrocution (weapon)
Missiles
 c - 5 large rocks
 d - a throwing net
 g - 107 stones
 k - 32 poisoned darts (quivered)
Armour
 b - a +0 robe (worn)
 i - an orb of light (worn)
 s - a scarf of invisibility (worn)
Jewellery
 m - a ring of wizardry (left hand)
 t - a ring of flight
Scrolls
 e - 3 scrolls of noise {unknown}
 j - a scroll of blinking {unknown}
 p - a scroll of summoning {unknown}
 r - 2 scrolls of fog {unknown}
 w - a scroll of vulnerability {unknown}
 x - 2 scrolls of identify
 y - a scroll of teleportation
Potions
 a - 2 potions of attraction
 f - 2 potions of resistance
 h - 2 potions of curing
 l - a potion of invisibility {unknown}
 n - 2 potions of cancellation {unknown}
 o - a potion of mutation {unknown}
 q - a potion of might {unknown}
 v - a potion of ambrosia


   Skills:
 - Level 5.0 Fighting
 + Level 3.1 Maces & Flails
 + Level 6.4 Throwing
 - Level 2.0 Dodging
 - Level 0.6 Stealth


You had 6 spell levels left.
You didn't know any spells.
Your spell library contained the following spells:

 Spells                   Type           Power      Damage    Failure   Level
 Animate Skeleton         Necr           0%         N/A       13%         1
 Apportation              Tloc           0%         N/A       13%         1
 Beastly Appendage        Tmut           0%         N/A       13%         1
 Freeze                   Ice            0%         1d3       13%         1
 Summon Small Mammal      Summ           0%         N/A       13%         1
 Wereblood                Tmut           0%         N/A       21%         2
 Frozen Ramparts          Ice            0%         1d2       36%         3
 Spider Form              Tmut/Pois      0%         N/A       36%         3
 Hailstorm                Conj/Ice       0%         3d3       75%         4


Dungeon Overview and Level Annotations

Branches:
Dungeon (5/15)            Ossuary (visited)
 Temple: D:4-7

Altars:
Nemelex Xobeh
Qazlal


Innate Abilities, Weirdness & Mutations

You are too large for most types of armour.
You have tough skin. (AC +1)


Message History

The gnoll closely misses you.
You hit the gnoll.
You kill the gnoll!
You hear a shout!
A gnoll comes into view. It is wielding a +0 halberd.
You hear a shout!
You have reached level 7!
You barely miss the gnoll. The gnoll hits you with a +0 halberd.
You hit the gnoll.
The gnoll is heavily wounded.
The gnoll hits you with a +0 halberd!
You are too injured to fight recklessly!
You are too injured to fight recklessly!
You are too injured to fight recklessly!
You are too injured to fight recklessly!
You whack the gnoll! Lightning courses through the gnoll!
You kill the gnoll!
A gnoll comes into view. It is wielding a +0 halberd.
The gnoll shouts!
The gnoll misses you.
Things that are here:
a +0 halberd; a +0 spear A gnoll is nearby!
A gnoll is nearby!
The gnoll misses you.
You hit the gnoll.
The gnoll is lightly wounded.
The gnoll hits you with a +0 halberd!
You hit the gnoll.
The gnoll is moderately wounded.
The gnoll hits you with a +0 halberd!
* * * LOW HITPOINT WARNING * * *
You barely miss the gnoll.
The gnoll is moderately wounded.
The gnoll hits you with a +0 halberd!
* * * LOW HITPOINT WARNING * * *
You hit the gnoll.
The gnoll is heavily wounded.
The gnoll hits you with a +0 halberd!
You die...

#..............
#.....)...##...
#.....).......
#.....))..#.##.
#..<..........
#.........#.##.
...#...$.........
≈≈≈≈
######).....# ≈≈.
#....@........ ..
#...g.....#.## _
#.#......##.# #
#.#...## #.#####
#. #


You could see a gnoll.

Vanquished Creatures
  A necrophage (D:4)
  A scorpion (D:4)
  2 human zombies (Ossuary)
  A centaur zombie (Ossuary)
  An orc wizard (D:3)
  2 mummies (Ossuary)
  Robin (D:2)
  3 gnolls (D:5)
  An adder (D:3)
  4 adder zombies (Ossuary)
  2 worms
  2 dart slugs
  6 orcs
  6 endoplasms
  2 giant cockroaches
  12 goblins
  5 hobgoblins
  5 quokkas
  11 ball pythons
  2 bats
  2 frilled lizards (D:1)
  2 goblin zombies (Ossuary)
  6 hobgoblin zombies (Ossuary)
  A jackal zombie (Ossuary)
  7 kobolds
  11 kobold zombies (Ossuary)
  8 orc zombies (Ossuary)
  9 rats
  2 rat zombies (Ossuary)
118 creatures vanquished.

Notes
Turn   | Place    | Note
-------+----------+-------------------------------------------
     0 | D:1      | Deminshera the Ogre Hunter began the quest for the Orb.
     0 | D:1      | Reached XP level 1. HP: 22/22 MP: 1/1
   387 | D:1      | Reached XP level 2. HP: 31/31 MP: 2/2
   668 | D:1      | Found a faded altar of an unknown god.
   811 | D:1      | Reached XP level 3. HP: 37/37 MP: 3/3
  1495 | D:2      | Noticed Robin
  1517 | D:2      | Killed Robin
  1518 | D:2      | Reached XP level 4. HP: 12/48 MP: 4/4
  2029 | D:2      | Found a sparkling altar of Nemelex Xobeh.
  2850 | D:3      | Reached skill level 5 in Throwing
  3205 | D:3      | Reached skill level 5 in Fighting
  3205 | D:3      | Reached XP level 5. HP: 57/57 MP: 5/5
  4084 | D:4      | Reached skill level 1 in Maces & Flails
  4212 | D:4      | Found a sand-covered staircase.
  4225 | Ossuary  | Entered an ossuary
  4464 | Ossuary  | Reached XP level 6. HP: 46/66 MP: 6/6
  4794 | Ossuary  | Reached skill level 6 in Throwing
  5166 | D:4      | Noticed a necrophage
  5171 | D:4      | Killed a necrophage
  5420 | D:5      | Entered Level 5 of the Dungeon
  5420 | D:5      | Found a stormy altar of Qazlal.
  5530 | D:5      | Reached XP level 7. HP: 48/72 MP: 7/7
  5537 | D:5      | HP: 3/72 [gnoll (12)]
  5538 | D:5      | Mangled by a gnoll

Illustrated notes

Levels and vault maps discovered:
D:1:      eino_arrival_cavern_d, layout_loops_ring,
          nicolae_ecumenical_snake_handling
D:2:      layout_loops_ring, basic_altar, uniq_robin
D:3:      layout_basic
D:4:      layout_gridville, chequers_ossuary_entry_cave
D:5:      layout_basic, mainiacjoe_overflow_paths

Skill      XL: |  1  2  3  4  5  6 |
---------------+-------------------+-----
Fighting       | 3 4 5 |  5.0
Dodging        | 2 |  2.0
Throwing       | 5 6 |  6.4
Maces & Flails | 1 3 |  3.1
Stealth        | |  0.6

Action                   |  1- 3 |  4- 6 |  7- 9 || total
-------------------------+-------+-------+-------++-------
Melee: Short sword       |    19 |       |       ||    19
       Mace              |    89 |    43 |       ||   132
       Punch             |     1 |       |       ||     1
       Whip              |       |   163 |     7 ||   170
Throw: Stone             |    14 |       |       ||    14
       Large rock        |     1 |     4 |       ||     5
       Throwing net      |     1 |       |       ||     1
       Dart              |       |    51 |       ||    51
  Use: Scroll            |       |     8 |       ||     8
 Stab: Sleeping          |     1 |       |       ||     1
       Held in net/web   |     1 |       |       ||     1
       Distracted        |       |     1 |       ||     1
Armor: Robe              |    48 |    60 |       ||   108
Dodge: Dodged            |    56 |   106 |     2 ||   164

Table legend: (Time is in decaauts)
 A = Elapsed time spent in this place.
 B = Non-inter-level travel time spent in this place.
 C = Inter-level travel time spent in this place.
 D = Time resting spent in this place.
 E = Time spent auto-exploring this place.
 F = Levels seen in this place.
 G = Mean time per level.
                   A        B        C        D        E       F      G
               +--------+--------+--------+--------+--------+-----+--------+
         Total |   5582 |   5192 |    390 |   1123 |   3224 |   6 |  930.3 |
       Dungeon |   4925 |   4535 |    390 |    937 |   2920 |   5 |  985.0 |
       Ossuary |    656 |    656 |      0 |    186 |    304 |   1 |  656.0 |
               +--------+--------+--------+--------+--------+-----+--------+

Top non-repeatable levels by time:
     D:3: 1421 daAuts
     D:2: 1397 daAuts
     D:1: 1167 daAuts
     D:4: 822 daAuts
 Ossuary: 656 daAuts
     D:5: 116 daAuts
